 Dungeon Crawl Stone Soup version 0.29.1-12-g30fa7ad0bf (webtiles) character file.

Game seed: 3773649967075682533

5192 KittyFluff the Basher (level 10, -10/91 HPs)
             Began as a Gargoyle Berserker on Dec 27, 2022.
             Was an Elder of Trog.
             Mangled by Gastronok (21 damage)
             ... on level 8 of the Dungeon.
             The game lasted 00:48:56 (10244 turns).

KittyFluff the Basher (Gargoyle Berserker)         Turns: 10244, Time: 00:48:57

Health: -10/91     AC: 24    Str: 31    XL:     10   Next: 60%
Magic:  10/10      EV: 13    Int:  9    God:    Trog [****..]
Gold:   495        SH:  0    Dex: 19    Spells: 9/9 levels left

rFire   x . .      SeeInvis .   a - +4 flail
rCold   . . .      Faith    .   (no shield)
rNeg    + . .      Spirit   .   p - +1 ring mail of Thoughtfulness {rF- Str+3 Dex+8}
rPois   ∞          Reflect  .   F - +0 helmet
rElec   +          Harm     .   j - +0 cloak
rCorr   .          Rampage  .   J - +0 pair of gloves
Will    .....                   B - +0 pair of boots
Stlth   ..........              (no amulet)
HPRegen 0.25/turn               y - +4 ring of protection
MPRegen 0.12/turn               t - +6 ring of strength

@: berserking (expiring), very quick
A: sickness immunity, AC +7, negative energy resistance 1, electricity
resistance, torment resistance 1, petrification resistance
a: Renounce Religion, Berserk, Trog's Hand, Brothers in Arms


You were on level 8 of the Dungeon.
You worshipped Trog.
Trog was greatly pleased with you.
You visited 1 branch of the dungeon, and saw 8 of its levels.

You collected 495 gold pieces.

Inventory:

Hand Weapons
 a - a +4 flail (weapon)
 f - a +0 sling
 g - a +0 shortbow
 m - a +0 triple crossbow
 n - a +0 morningstar
Missiles
 e - 58 stones
 r - 6 atropa-tipped darts
 w - 4 poisoned darts (quivered)
 E - 4 boomerangs
 K - a curare-tipped dart
Armour
 j - a +0 cloak (worn)
 p - the +1 ring mail of Thoughtfulness (worn) {rF- Str+3 Dex+8}
   (You found it on level 2 of the Dungeon)

   Str:       It affects your strength (+3).
   Dex:       It affects your dexterity (+8).
   rF:        It makes you vulnerable to fire.
 s - the +10 plate armour of Slimy Joy {Dex+7}
   (You acquired it on level 8 of the Dungeon)

   Dex:       It affects your dexterity (+7).
 B - a +0 pair of boots (worn)
 F - a +0 helmet (worn)
 I - a +2 leather armour of cold resistance
 J - a +0 pair of gloves (worn)
Jewellery
 i - a ring of see invisible
 t - a +6 ring of strength (right hand)
 y - a +4 ring of protection (left hand)
Wands
 C - a wand of paralysis (13)
Scrolls
 b - a scroll of poison {unknown}
 c - a scroll of immolation {unknown}
 h - a scroll of fear {unknown}
 k - a scroll of blinking {unknown}
 l - 2 scrolls of enchant armour {unknown}
 q - 3 scrolls of vulnerability
 x - 5 scrolls of teleportation
 D - a scroll of enchant weapon {unknown}
 G - 2 scrolls of magic mapping
 H - a scroll of brand weapon
Potions
 d - 3 potions of curing
 o - 2 potions of attraction
 u - a potion of flight
 v - 2 potions of mutation
 z - a potion of might
 A - a potion of heal wounds


   Skills:
 + Level 6.8 Fighting
 + Level 8.8 Maces & Flails
 * Level 8.3 Ranged Weapons
 + Level 0.9 Throwing
 * Level 7.6 Armour
 + Level 4.1 Dodging
 + Level 1.7 Stealth


You had 9 spell levels left.
You didn't know any spells.
Your spell library was empty.

Dungeon Overview and Level Annotations

Branches:
Dungeon (8/15)             Temple (0/1) D:6
   Lair: D:8-11

Altars:
Fedhas
Vehumet

Shops:
D:7 [

Annotations:
D:4 1 runed translucent door, SirLogeyBear's ghost, amateur HOBe
D:8 Gastronok


Innate Abilities, Weirdness & Mutations

You are immune to sickness and miasma.
Your stone body is resilient. (AC +7)
You are immune to poison.
You resist negative energy. (rN+)
You are resistant to electric shocks. (rElec)
You are resistant to unholy torment.
You are immune to petrification.


Message History

* * * LOW HITPOINT WARNING * * *
You sock Gastronok!
Gastronok is moderately wounded.
You sock Gastronok!
Gastronok is moderately wounded.
You thump Gastronok!
Gastronok is moderately wounded.
Gastronok casts a spell.
You bludgeon Gastronok!!
Gastronok is heavily wounded.
You hit Gastronok.
Gastronok is heavily wounded.
The bat misses you. The bat hits you but does no damage.
You sock Gastronok!
Gastronok is severely wounded.
The bat hits you but does no damage. The bat closely misses you.
Gastronok waves his eye-stalks in wide circles.
The air twists around and strikes you.
* * * LOW HITPOINT WARNING * * *
You sock Gastronok!
Gastronok is severely wounded.
The bat misses you. The bat closely misses you.
You bludgeon Gastronok!!
Gastronok is almost dead.
The bat hits you but does no damage. x2
You bludgeon Gastronok!!
Gastronok is almost dead.
The bat closely misses you. Gastronok bites you!
* * * LOW HITPOINT WARNING * * *
The bat hits you but does no damage. x2
You hit Gastronok.
Gastronok is almost dead.
The bat misses you. The bat hits you but does no damage. The bat misses you.
You completely miss Gastronok.
Gastronok is almost dead.
The bat closely misses you. The bat barely misses you.
You hit Gastronok.
Gastronok is almost dead.
The bat closely misses you. The bat barely misses you. Gastronok bites you!!
You die...

##.# ##.# ...## ..<.#
# ### ....# .## #..
....#
...######.#####..
..#.##.........b.#....
...............bwb.#
..#.####.## #@# ###.#
#.# #.# #.# #.# #.#
#.# #.# #.#
#########.# #.#
#.........#
#.####.#########
#......#


You could see Gastronok and 3 bats.

Vanquished Creatures
  A two-headed ogre (D:8)
  Pikel (D:7)
  A hornet (D:8)
  6 yaks (D:8)
  Eustachio (D:4)
  A water moccasin (D:7)
  An orc warrior (D:7)
  2 sky beasts
  2 ice beasts
  2 black bears
  3 ogres
  3 centaurs
  A lemure (D:7)
  A kobold brigand (D:7)
  A phantom (D:7)
  A scorpion (D:5)
  2 necrophages
  3 wights (D:7)
  6 killer bees
  2 howler monkeys
  5 hounds
  3 orc priests
  A gnoll bouda (D:7)
  3 iguanas
  12 orc wizards
  5 gnolls (D:7)
  11 adders
  A shadow imp (D:7)
  2 white imps
  An ufetubus (D:6)
  3 worms
  A dart slug (D:2)
  45 orcs
  10 endoplasms
  3 giant cockroaches
  3 goblins
  5 hobgoblins
  3 jackals
  16 kobolds
  7 quokkas
  6 ball pythons
  6 bats
  3 frilled lizards
  4 rats
200 creatures vanquished.

Notes
Turn   | Place    | Note
-------+----------+-------------------------------------------
     0 | D:1      | KittyFluff the Gargoyle Berserker began the quest for the
                  | Orb.
     0 | D:1      | Reached XP level 1. HP: 14/14 MP: 1/1
   443 | D:1      | You fall into a shaft and drop 1 floor!
   454 | D:2      | Reached XP level 2. HP: 15/19 MP: 2/2
  1038 | D:1      | Reached XP level 3. HP: 24/24 MP: 3/3
  2654 | D:2      | Reached XP level 4. HP: 22/29 MP: 4/4
  2962 | D:2      | Identified the +1 ring mail of Thoughtfulness {rF- Str+3
                  | Dex+8}
  3256 | D:3      | Reached ** piety under Trog
  3357 | D:3      | Found a faded altar of an unknown god.
  3514 | D:3      | HP: 1/43 [orc/+0 long sword (7)]
  3516 | D:3      | Reached XP level 5. HP: 2/33 MP: 5/5
  3873 | D:3      | Found a radiant altar of Vehumet.
  4086 | D:4      | Noticed Eustachio
  4096 | D:4      | Killed Eustachio
  4097 | D:4      | Reached skill level 1 in Ranged Weapons
  4097 | D:4      | Reached XP level 6. HP: 38/38 MP: 6/6
  4197 | D:4      | Reached skill level 5 in Maces & Flails
  4410 | D:4      | Noticed a black bear
  4420 | D:4      | Killed a black bear
  4490 | D:4      | Found a runed translucent door.
  4490 | D:4      | Noticed SirLogeyBear's ghost (amateur HOBe)
  4640 | D:4      | Reached skill level 1 in Stealth
  4640 | D:4      | Reached XP level 7. HP: 33/44 MP: 7/7
  5060 | D:4      | Found a blossoming altar of Fedhas.
  5411 | D:5      | Entered Level 5 of the Dungeon
  5837 | D:5      | Reached XP level 8. HP: 35/48 MP: 8/8
  6791 | D:6      | Reached skill level 5 in Armour
  6847 | D:6      | Reached *** piety under Trog
  6872 | D:6      | Found a staircase to the Ecumenical Temple.
  6952 | D:6      | Reached skill level 5 in Fighting
  7481 | D:6      | Reached skill level 5 in Ranged Weapons
  7549 | D:6      | Reached XP level 9. HP: 53/54 MP: 9/9
  8495 | D:7      | Noticed Pikel
  8512 | D:7      | Killed Pikel
  8614 | D:7      | Reached **** piety under Trog
  8835 | D:7      | Identified the +5 spear "Honakiga" {freeze, Dex+2}
  8861 | D:7      | Found Fiefoshry's Armour Boutique.
  9169 | D:8      | Noticed a hornet
  9186 | D:6      | Reached XP level 10. HP: 44/60 MP: 10/10
  9522 | D:8      | Identified a scroll of acquirement
  9523 | D:8      | Acquired the +10 plate armour of Slimy Joy {Dex+7}
  9955 | D:8      | Noticed a two-headed ogre
  9967 | D:8      | Killed a two-headed ogre
 10213 | D:8      | Noticed Gastronok
 10244 | D:8      | Mangled by Gastronok

Illustrated notes

Levels and vault maps discovered:
D:1:      doesnt_arrival_eight_statues, layout_basic,
          wander_ebering_terrifying_dragon_lair
D:2:      layout_basic
D:3:      layout_rooms, nicolae_vehumet_altar_sigil,
          chequers_ecumenical_altar_twisty, kennysheep_potato
D:4:      layout_loops_ring, ebering_ghost_sewer_d, minmay_ruined_shrine,
          uniq_eustachio
D:5:      layout_loops_ring, corexii_shack
D:6:      layout_cave_pools, temple_statues
D:7:      layout_layer_cave, serial_shops, shop, uniq_pikel
D:8:      minmay_gate_of_8, layout_loops_ring, uniq_gastronok

Skill      XL: |  1  2  3  4  5  6  7  8  9 10 |
---------------+-------------------------------+-----
Armour         | 3 4 5 6 7 |  7.6
Maces & Flails | 4 5 6 8 |  8.8
Fighting       | 4 5 6 |  6.8
Ranged Weapons | 1 2 3 5 7 8 |  8.3
Dodging        | 2 3 4 |  4.1
Stealth        | 1 |  1.7
Throwing       | |  0.9

Action                   |  1- 3 |  4- 6 |  7- 9 | 10-12 || total
-------------------------+-------+-------+-------+-------++-------
Melee: Mace              |   127 |   141 |   365 |       ||   633
       Punch             |       |       |     9 |     2 ||    11
       Flail             |       |       |    79 |   114 ||   193
 Fire: Sling             |       |       |   113 |       ||   113
       Shortbow          |       |       |    78 |    26 ||   104
Throw: Dart              |       |     1 |     3 |       ||     4
Invok: Berserk           |     1 |     4 |     3 |     2 ||    10
  Use: Scroll            |     2 |     3 |     6 |     2 ||    13
Armor: Animal skin       |    13 |       |       |       ||    13
       Leather armour    |    39 |    64 |   158 |       ||   261
       Ring mail         |       |       |   134 |    90 ||   224
Dodge: Dodged            |    80 |    75 |   379 |   119 ||   653
